NYP
HUDSON VALLEY RENEGADES @ VANCOUVER CANADIANS
08/31/2049
 
TOP OF THE 1ST
Hudson Valley Renegades batting - Pitching for Vancouver Canadians : LHP Sam Mathena
Pitching: LHP Sam Mathena
Batting: RHB Wan-ling Zhu 0-0: Ball
1-0: Foul Ball, location: 2F
1-1: Ball
2-1: Ball
3-1: Foul Ball, location: 2F
3-2: Base on Balls
Batting: SHB Joshua Jackson 0-0: Ball
1-0: Ball
2-0: Fielders Choice at 2nd, 3-6 (Groundball, 3, EV 90.6 MPH)
Batting: RHB Alex Koral 0-0: Ball
1-0: Called Strike
1-1: Ball
2-1: Ball
3-1: DOUBLE (Line Drive, 89D, EV 106.9 MPH)
Joshua Jackson to third
Batting: RHB Joe Hartigan 0-0: Ball
1-0: Foul Ball, location: 2F
1-1: DOUBLE (Groundball, 5L, EV 109.4 MPH)
Joshua Jackson scores
Alex Koral scores
Batting: RHB Mikey Sano 0-0: Called Strike
0-1: Foul Ball, location: 2F
0-2: Foul Ball, location: 2F
0-2: Ball
1-2: Ground out 6-3 (Groundball, 6S, EV 68.8 MPH)
Joe Hartigan to third
Batting: LHB Jonathan Spino 0-0: Foul Ball, location: 2F
0-1: Ball
1-1: SINGLE (Groundball, 6MS, EV 71.9 MPH) (infield hit)
Joe Hartigan scores
Batting: RHB Jon Gonzales 0-0: Ball
1-0: Called Strike
Jonathan Spino is caught stealing 2nd base 2-4
Top of the 1st over - 3 runs, 3 hits, 0 errors, 0 left on base; Hudson Valley 3 - Vancouver 0
BOTTOM OF THE 1ST
Vancouver Canadians batting - Pitching for Hudson Valley Renegades : LHP Jake Fields
Pitching: LHP Jake Fields
Batting: RHB Jose Ontiveros 0-0: Ball
1-0: Ball
2-0: Called Strike
2-1: Ball
3-1: Base on Balls
Batting: RHB Terry Plumley 0-0: SINGLE (Groundball, 6MD, EV 103.8 MPH)
Jose Ontiveros to second
Runner from 2nd tries for 3rd, SAFE, throw by CF made to third
Batting: SHB Tim Hone 0-0: Ball
1-0: Swinging Strike
1-1: Foul Ball, location: 2F
1-2: Ball
2-2: Ball
3-2: Foul Ball, location: 2F
3-2: Strikes out looking
Batting: RHB Jorge Cruz 0-0: Ball
1-0: Fielders Choice at 2nd, 4-6 (Groundball, 4S, EV 89.4 MPH)
Jose Ontiveros scores
Batting: RHB Yojiro Hayashi 0-0: Called Strike
0-1: Ball
1-1: Ball
2-1: Ball
3-1: Swinging Strike
3-2: Foul Ball, location: 2F
3-2: Fly out, F8 (Flyball, 8LD, EV 98.1 MPH)
Bottom of the 1st over - 1 run, 1 hit, 0 errors, 1 left on base; Hudson Valley 3 - Vancouver 1
TOP OF THE 2ND
Hudson Valley Renegades batting - Pitching for Vancouver Canadians : LHP Sam Mathena
Batting: RHB Jon Gonzales 0-0: SINGLE (Line Drive, 9LS, EV 108.1 MPH)
Batting: RHB Devin Brown 0-0: Ball
1-0: Called Strike
1-1: Ball
2-1: Called Strike
2-2: Strikes out looking
Batting: LHB Dan Hunt 0-0: Called Strike
0-1: Ball
1-1: Ball
2-1: Called Strike
2-2: Ball
3-2: Fielders Choice at 2nd, 6-4 (Groundball, 56, EV 109.4 MPH)
Batting: RHB Wan-ling Zhu 0-0: Called Strike
Dan Hunt is caught stealing 2nd base 2-4
Top of the 2nd over - 0 runs, 1 hit, 0 errors, 0 left on base; Hudson Valley 3 - Vancouver 1
BOTTOM OF THE 2ND
Vancouver Canadians batting - Pitching for Hudson Valley Renegades : LHP Jake Fields
Batting: RHB John Rios 0-0: Ball
1-0: Ball
2-0: Foul Ball, location: 2F
2-1: Ball
3-1: Base on Balls
Batting: RHB Akira Kubo 0-0: Swinging Strike
0-1: Foul Ball, location: 2F
0-2: DOUBLE (Line Drive, 3D, EV 103.1 MPH)
John Rios to third
Batting: RHB Dan Hilyer 0-0: Swinging Strike
0-1: Ball
1-1: Ball
2-1: Foul Ball, location: 2F
2-2: Ball
3-2: Strikes out looking
Batting: RHB Luis Reyes 0-0: Ball
1-0: Foul Ball, location: 2F
1-1: Ball
2-1: Swinging Strike
2-2: Foul Ball, location: 2F
2-2: Foul Ball, location: 2F
2-2: Ground out 3-1 (Groundball, 34, EV 99.4 MPH)
John Rios scores
Akira Kubo to third
Batting: RHB Jose Ontiveros 0-0: Foul Ball, location: 2F
0-1: Foul Ball, location: 2F
0-2: Ball
1-2: Ground out 6-3 (Groundball, 6S, EV 86.2 MPH)
Bottom of the 2nd over - 1 run, 1 hit, 0 errors, 1 left on base; Hudson Valley 3 - Vancouver 2
TOP OF THE 3RD
Hudson Valley Renegades batting - Pitching for Vancouver Canadians : LHP Sam Mathena
Batting: RHB Wan-ling Zhu 0-0: Ball
1-0: Foul Ball, location: 2F
1-1: Foul Ball, location: 2F
1-2: Ball
2-2: Foul Ball, location: 2F
2-2: Strikes out looking
Batting: SHB Joshua Jackson 0-0: Ball
1-0: Ball
2-0: Ball
3-0: Base on Balls
Batting: RHB Alex Koral 0-0: Ball
1-0: Ball
Joshua Jackson is caught stealing 2nd base 2-4
2-0: Ball
3-0: Base on Balls
Batting: RHB Joe Hartigan 0-0: Ball
1-0: Foul Ball, location: 2F
1-1: Hit by Pitch
Alex Koral to second
Pinch Runner at 1st Sean Boenig:
Batting: RHB Mikey Sano 0-0: Ball
1-0: Foul Ball, location: 2F
1-1: Called Strike
1-2: Ball
2-2: Ground out 4-3 (Groundball, 4, EV 103.1 MPH)
Top of the 3rd over - 0 runs, 0 hits, 0 errors, 2 left on base; Hudson Valley 3 - Vancouver 2
BOTTOM OF THE 3RD
Vancouver Canadians batting - Pitching for Hudson Valley Renegades : LHP Jake Fields
Now in LF: Dan Hunt
Now in CF: Sean Boenig
Batting: RHB Terry Plumley 0-0: Fly out, F7 (Flyball, 7D, EV 102.5 MPH)
Batting: SHB Tim Hone 0-0: Ball
1-0: Ball
2-0: Ground out 6-3 (Groundball, 6, EV 79.4 MPH)
Batting: RHB Jorge Cruz 0-0: Ball
1-0: Ball
2-0: Ball
3-0: Called Strike
3-1: Base on Balls
Batting: RHB Yojiro Hayashi 0-0: Ball
1-0: Ball
Jorge Cruz is caught stealing 2nd base 2-4
Bottom of the 3rd over - 0 runs, 0 hits, 0 errors, 0 left on base; Hudson Valley 3 - Vancouver 2
TOP OF THE 4TH
Hudson Valley Renegades batting - Pitching for Vancouver Canadians : LHP Sam Mathena
Batting: LHB Jonathan Spino 0-0: Ball
1-0: Called Strike
1-1: Foul Ball, location: 2F
1-2: Ball
2-2: Foul Ball, location: 2F
2-2: Foul Ball, location: 2F
2-2: Ground out U3 (Groundball, 23, EV 86.2 MPH)
Batting: RHB Jon Gonzales 0-0: Ground out 6-3 (Groundball, 6, EV 86.9 MPH)
Batting: RHB Devin Brown 0-0: Foul Ball, location: 2F
0-1: Foul Ball, location: 2F
0-2: DOUBLE (Groundball, 5L, EV 107.5 MPH)
Batting: LHB Dan Hunt 0-0: Called Strike
0-1: Ball
1-1: Swinging Strike
1-2: Ground out U3 (Groundball, 3, EV 79.4 MPH)
Top of the 4th over - 0 runs, 1 hit, 0 errors, 1 left on base; Hudson Valley 3 - Vancouver 2
BOTTOM OF THE 4TH
Vancouver Canadians batting - Pitching for Hudson Valley Renegades : LHP Jake Fields
Batting: RHB Yojiro Hayashi 0-0: Ball
1-0: Foul Ball, location: 2F
1-1: Ball
2-1: Ball
3-1: Base on Balls
Batting: RHB John Rios 0-0: Ball
1-0: SINGLE (Groundball, 56D, EV 102.5 MPH)
Yojiro Hayashi to second
Runner from 2nd tries for 3rd, SAFE, throw by LF made to third
John Rios to second
Batting: RHB Akira Kubo 0-0: Called Strike
0-1: Ball
1-1: Foul Ball, location: 2F
1-2: Ball
2-2: Ball
3-2: Base on Balls
Batting: RHB Dan Hilyer 0-0: Called Strike
0-1: Foul Ball, location: 2F
0-2: Ball
1-2: Foul Ball, location: 2F
1-2: Ball
2-2: Strikes out swinging
Batting: RHB Luis Reyes 0-0: Ball
1-0: Called Strike
1-1: Fielders Choice at 2nd, 4-6 (Groundball, 34, EV 83.8 MPH)
Yojiro Hayashi scores
John Rios to third
Batting: RHB Jose Ontiveros 0-0: Foul Ball, location: 2F
0-1: Ball
1-1: Ball
2-1: Foul Ball, location: 2F
2-2: Ball
3-2: SINGLE (Line Drive, 89S, EV 96.2 MPH)
John Rios scores
Luis Reyes to second
Luis Reyes to third
Batting: RHB Terry Plumley 0-0: Called Strike
0-1: Fly out, F8 (Flyball, 78D, EV 86.2 MPH)
Bottom of the 4th over - 2 runs, 2 hits, 0 errors, 2 left on base; Hudson Valley 3 - Vancouver 4
TOP OF THE 5TH
Hudson Valley Renegades batting - Pitching for Vancouver Canadians : LHP Sam Mathena
Batting: RHB Wan-ling Zhu 0-0: Called Strike
0-1: Ball
1-1: Ball
2-1: Foul Ball, location: 2F
2-2: Foul Ball, location: 2F
2-2: Foul Ball, location: 2F
2-2: Foul Ball, location: 2F
2-2: Foul Ball, location: 2F
2-2: Ball
3-2: Fly out, F7 (Flyball, 7D, EV 101.2 MPH)
Batting: SHB Joshua Jackson 0-0: Called Strike
0-1: Ball
1-1: Called Strike
1-2: Ball
2-2: Hit by Pitch
Batting: RHB Alex Koral 0-0: Called Strike
0-1: Ball
Joshua Jackson is caught stealing 2nd base 2-4
1-1: Ball
2-1: Ground out 2-3 (Groundball, 2L, EV 71.9 MPH)
Top of the 5th over - 0 runs, 0 hits, 0 errors, 0 left on base; Hudson Valley 3 - Vancouver 4
BOTTOM OF THE 5TH
Vancouver Canadians batting - Pitching for Hudson Valley Renegades : LHP Jake Fields
Batting: SHB Tim Hone 0-0: Swinging Strike
0-1: Ball
1-1: Ball
2-1: Ground out 1-3 (Groundball, 13S, EV 71.9 MPH)
Batting: RHB Jorge Cruz 0-0: Ground out 1-3 (Groundball, 15S, EV 76.9 MPH)
Batting: RHB Yojiro Hayashi 0-0: Ball
1-0: Called Strike
1-1: Foul Ball, location: 2F
1-2: Fly out, F3 (Line Drive, 3L, EV 73.1 MPH)
Bottom of the 5th over - 0 runs, 0 hits, 0 errors, 0 left on base; Hudson Valley 3 - Vancouver 4
TOP OF THE 6TH
Hudson Valley Renegades batting - Pitching for Vancouver Canadians : LHP Sam Mathena
Batting: LHB Sean Boenig 0-0: Foul Ball, location: 2F
0-1: Ball
1-1: Ball
2-1: Foul Ball, location: 2F
2-2: Foul Ball, location: 2F
2-2: Strikes out swinging
Batting: RHB Mikey Sano 0-0: SINGLE (Line Drive, 8RS, EV 105.6 MPH)
Batting: LHB Jonathan Spino 0-0: Called Strike
0-1: Foul Ball, location: 2F
0-2: Fly out, F7 (Flyball, 7LM, EV 94.4 MPH)
Batting: RHB Jon Gonzales 0-0: Ball
1-0: SINGLE (Line Drive, 56D, EV 100.0 MPH)
Mikey Sano to second
Batting: RHB Devin Brown 0-0: Fielders Choice at 2nd, 5-4 (Groundball, 56, EV 81.2 MPH)
Top of the 6th over - 0 runs, 2 hits, 0 errors, 2 left on base; Hudson Valley 3 - Vancouver 4
BOTTOM OF THE 6TH
Vancouver Canadians batting - Pitching for Hudson Valley Renegades : LHP Jake Fields
Batting: RHB John Rios 0-0: Ground out 4-3 (Groundball, 4MS, EV 83.8 MPH)
Batting: RHB Akira Kubo 0-0: Ball
1-0: Ball
2-0: Ground out 6-3 (Groundball, 6, EV 86.9 MPH)
Batting: RHB Dan Hilyer 0-0: SINGLE (Groundball, 6MS, EV 68.1 MPH) (infield hit)
Batting: RHB Luis Reyes 0-0: Called Strike
0-1: Swinging Strike
0-2: SINGLE (Groundball, 56S, EV 68.8 MPH) (infield hit)
Dan Hilyer to second
Batting: RHB Jose Ontiveros 0-0: Ball
1-0: Ball
2-0: Called Strike
2-1: Fielders Choice at 2nd, 5-4 (Groundball, 56, EV 82.5 MPH)
Bottom of the 6th over - 0 runs, 2 hits, 0 errors, 2 left on base; Hudson Valley 3 - Vancouver 4
TOP OF THE 7TH
Hudson Valley Renegades batting - Pitching for Vancouver Canadians : LHP Sam Mathena
Now at 3B: Jamie Ogilvie
Now in LF: Jorge Baret
Now in RF: Dan Hilyer
Pinch Hitting: RHB Chris Glavin 0-0: Called Strike
0-1: Foul Ball, location: 2F
0-2: Ball
1-2: Fly out, F4 (Line Drive, 4MD, EV 65.0 MPH)
Pitching: LHP Rico Saldarriaga
Now at 3B: Selam Chimsima
Now at SS: Jamie Ogilvie
Batting: RHB Wan-ling Zhu 0-0: Called Strike
0-1: Swinging Strike
0-2: Ball
1-2: SOLO HOME RUN (Flyball, 9D, EV 99.4 MPH), Distance : 400 ft
Batting: SHB Joshua Jackson 0-0: Called Strike
0-1: Ball
1-1: Ball
2-1: Ball
3-1: Base on Balls
Batting: RHB Alex Koral 0-0: Ball
Joshua Jackson steals 2nd, throwing error, E2
Joshua Jackson to third
1-0: Intentional Walk
Batting: LHB Sean Boenig 0-0: Called Strike
0-1: Ball
Alex Koral is caught stealing 2nd base 2-6
1-1: Ball
2-1: Ball
3-1: Foul Ball, location: 2F
3-2: SINGLE (Groundball, 4MD, EV 101.2 MPH)
Joshua Jackson scores
Batting: RHB Mikey Sano 0-0: Called Strike
0-1: Swinging Strike
0-2: Foul Ball, location: 2F
0-2: Ball
1-2: Ball
2-2: Ball
Sean Boenig is caught stealing 2nd base 2-4
Top of the 7th over - 2 runs, 2 hits, 1 error, 0 left on base; Hudson Valley 5 - Vancouver 4
BOTTOM OF THE 7TH
Vancouver Canadians batting - Pitching for Hudson Valley Renegades : LHP Jake Fields
Pitching: RHP Bobby Valenzuela
Now in LF: Jonathan Spino
Now in RF: Chris Lockart
Batting: RHB Terry Plumley 0-0: Swinging Strike
0-1: Swinging Strike
0-2: Hit by Pitch
Pinch Hitting: LHB Chris Fandino 0-0: Foul Ball, location: 2F
0-1: Ball
1-1: Fly out, F8 (Line Drive, 8LM, EV 103.1 MPH)
Pinch Hitting: LHB Chris Munguia 0-0: Called Strike
0-1: Ball
1-1: Fly out, F9 (Flyball, 9D, EV 80.0 MPH)
Batting: RHB Yojiro Hayashi 0-0: Ball
1-0: Called Strike
1-1: Ball
2-1: Ball
3-1: Swinging Strike
3-2: Foul Ball, location: 2F
3-2: Base on Balls
Terry Plumley to second
Batting: RHB John Rios 0-0: Ball
1-0: SINGLE (Groundball, 6MD, EV 103.1 MPH)
Terry Plumley to third
Yojiro Hayashi to second
Runner from 3rd tries for Home, throw by CF and OUT! 8-2
Bottom of the 7th over - 0 runs, 1 hit, 0 errors, 2 left on base; Hudson Valley 5 - Vancouver 4
TOP OF THE 8TH
Hudson Valley Renegades batting - Pitching for Vancouver Canadians : LHP Rico Saldarriaga
Now at 2B: Tristan Dennis
Now in LF: Dan Hilyer
Now in RF: Chris Munguia
Batting: RHB Mikey Sano 0-0: Called Strike
0-1: Foul Ball, location: 2F
0-2: Strikes out swinging
Batting: LHB Jonathan Spino 0-0: Ball
1-0: Ball
2-0: Fly out, F8 (Flyball, 8RD, EV 103.1 MPH)
Batting: RHB Jon Gonzales 0-0: Ball
1-0: Called Strike
1-1: Called Strike
1-2: Foul Ball, location: 2F
1-2: Foul Ball, location: 2F
1-2: Strikes out swinging
Top of the 8th over - 0 runs, 0 hits, 0 errors, 0 left on base; Hudson Valley 5 - Vancouver 4
BOTTOM OF THE 8TH
Vancouver Canadians batting - Pitching for Hudson Valley Renegades : RHP Bobby Valenzuela
Batting: RHB Selam Chimsima 0-0: Ball
1-0: Ball
2-0: Ball
3-0: Called Strike
3-1: Base on Balls
Batting: RHB Dan Hilyer 0-0: Bunt missed!
0-1: Bunt missed!
0-2: Ball
1-2: Ball
2-2: Ball
3-2: Base on Balls
Selam Chimsima to second
Batting: RHB Jamie Ogilvie 0-0: Called Strike
0-1: Foul Ball, location: 2F
0-2: Ball
1-2: Foul Ball, location: 2F
1-2: Ball
2-2: Strikes out swinging
Pitching: RHP Matt Wicker
Pinch Hitting: LHB Ron de Vos 0-0: Called Strike
0-1: Ball
1-1: Ball
2-1: Called Strike
2-2: Foul Ball, location: 2F
2-2: Strikes out looking
Batting: RHB Terry Plumley 0-0: Ball
1-0: Ball
2-0: Ball
3-0: Base on Balls
Selam Chimsima to third
Dan Hilyer to second
Pinch Hitting: LHB Tony Vitela 0-0: Ground out 4-3 (Groundball, 4, EV 87.5 MPH)
Bottom of the 8th over - 0 runs, 0 hits, 0 errors, 3 left on base; Hudson Valley 5 - Vancouver 4
TOP OF THE 9TH
Hudson Valley Renegades batting - Pitching for Vancouver Canadians : LHP Rico Saldarriaga
Pitching: RHP Jon Thomason
Now at 2B: Jose Garza
Now in CF: Ron de Vos
Batting: RHB Devin Brown 0-0: Swinging Strike
0-1: Ball
1-1: Called Strike
1-2: Strikes out swinging
Batting: SHB Chris Lockart 0-0: Ball
1-0: Swinging Strike
1-1: Called Strike
1-2: Foul Ball, location: 2F
1-2: Strikes out swinging
Batting: RHB Wan-ling Zhu 0-0: Called Strike
0-1: Ball
1-1: Swinging Strike
1-2: Strikes out looking
Top of the 9th over - 0 runs, 0 hits, 0 errors, 0 left on base; Hudson Valley 5 - Vancouver 4
BOTTOM OF THE 9TH
Vancouver Canadians batting - Pitching for Hudson Valley Renegades : RHP Matt Wicker
Pitching: LHP Matt Bayer
Batting: LHB Chris Munguia 0-0: Hit by Pitch
Batting: RHB Yojiro Hayashi 0-0: Foul Ball, location: 2F
0-1: Foul Ball, location: 2F
0-2: Foul Ball, location: 2F
0-2: Foul Ball, location: 2F
0-2: Strikes out swinging
Batting: RHB John Rios 0-0: Called Strike
Chris Munguia steals 2nd base
0-1: Called Strike
0-2: SINGLE (Groundball, 34D, EV 97.5 MPH)
Chris Munguia to third
Runner from 3rd tries for Home, SAFE, throw by RF to home
Batting: RHB Selam Chimsima 0-0: Ball
1-0: Swinging Strike
1-1: Ball
2-1: 2-RUN HOME RUN (Flyball, 7D, EV 103.1 MPH), Distance : 386 ft
Bottom of the 9th over - 3 runs, 2 hits, 0 errors, 0 left on base; Hudson Valley 5 - Vancouver 7
Sunday, July 16th , 2023 - OOTP Baseball 24.6 Build 69